 Dungeon Crawl Stone Soup version 0.29-a0-721-g7f417c9bbb (webtiles) character file.

Game seed: 7129343949666773576

35 gobodom the Conjurer (level 3, -5/14 HPs)
             Began as a Felid Conjurer on June 27, 2022.
             Slain by a goblin
             ... wielding a +0 dagger
             ... led by Robin
              (6 damage)
             ... on level 2 of the Dungeon.
             The game lasted 00:03:30 (1523 turns).

gobodom the Conjurer (Felid Conjurer)               Turns: 1523, Time: 00:03:32

Health: -5/14      AC:  1    Str:  5    XL:     3   Next: 16%
Magic:  4/7        EV: 17    Int: 19    God:
Gold:   18         SH:  0    Dex: 14    Spells: 5/6 levels left
                                        Lives:  0   Deaths: 0

rFire   . . .      SeeInvis +   (weapon unavailable)
rCold   . . .      Faith    .   (shield unavailable)
rNeg    . . .      Spirit   .   (body armour unavailable)
rPois   .          Reflect  .   (helmet unavailable)
rElec   .          Harm     .   (cloak unavailable)
rCorr   .          Rampage  .   (gloves unavailable)
Will    .....                   (boots unavailable)
Stlth   ++........              (no amulet)
HPRegen 0.04/turn               (no ring)
MPRegen 0.10/turn               (no ring)

@: quick
A: very small, claws 1, fangs 3, see invisible, speed 1, shaggy fur 1, stealthy
paws, no weapons or thrown items, no armour, multi-lived
a: no special abilities


You were on level 2 of the Dungeon.
You visited 1 branch of the dungeon, and saw 2 of its levels.

You collected 18 gold pieces.

Inventory:

Scrolls
 c - 2 scrolls of identify {unknown}
 d - a scroll of fog {unknown}
 e - a scroll of enchant weapon {unknown}
 f - 2 scrolls of magic mapping {unknown}
 g - a scroll of blinking {unknown}
 h - a scroll of fear {unknown}
Potions
 a - a potion of magic
 b - a potion of haste {unknown}
 i - a potion of heal wounds {unknown}


   Skills:
 + Level 3.0 Dodging
 + Level 3.2 Stealth
 + Level 2.2 Spellcasting
 + Level 4.2 Conjurations


You had 5 spell levels left.
You knew the following spells:

 Your Spells              Type           Power      Damage    Failure   Level
a - Magic Dart            Conj           72%        1d6       3%          1

Your spell library contained the following spells:

 Spells                   Type           Power      Damage    Failure   Level
 Searing Ray              Conj           36%        2d5       4%          2
 Dazzling Flash           Conj/Hex       20%        N/A       21%         3
 Fulminant Prism          Conj/Hex       5%         3d7       56%         4
 Iskenderun's Mystic Bla  Conj/Tloc      10%        2d4       56%         4


Dungeon Overview and Level Annotations

Branches:
Dungeon (2/15)

Altars:

Annotations:
D:2 Robin


Innate Abilities, Weirdness & Mutations

You have sharp claws.
You have razor-sharp teeth.
You have supernaturally acute eyesight. (SInv)
You cover ground quickly. (Speed+)
You are covered in fur. (AC +1)
Your paws help you pounce on unaware monsters.
You are incapable of wielding weapons or throwing items.
You cannot wear armour.
You gain extra lives every three experience levels.


Message History

You kill the kobold!
i - a fuming pink potion
Things that are here:
a +1 whip of flaming; 4 stones
Things that are here:
a +1 whip of flaming; 4 stones Robin and 2 goblins come into view.
The magic dart hits Robin.
Robin is lightly wounded.
Robin shouts!
The goblin shouts! x2; You hear a shout! x2
A goblin comes into view. It is wielding a +0 club.
A hobgoblin comes into view.
The magic dart hits Robin.
Robin is lightly wounded.
Robin roars a battlecry!
The goblins go into a battle-frenzy!
You hear a shout!
The magic dart hits Robin.
Robin is moderately wounded.
Robin throws the goblin at you! The goblin hits you with a +0 club.
Robin roars a battlecry!
Robin says, "Bow before me, strongest of all the hobgoblins!"
Robin says, "Kneel, worm!"
Robin throws the goblin at you!
* * * LOW HITPOINT WARNING * * *
The goblin barely misses you.
You scratch the goblin but do no damage.
The goblin hits you with a +0 club.
* * * LOW HITPOINT WARNING * * *
You are too injured to fight recklessly!
Casting: Magic Dart (safe; 3% risk of failure)
Confirm with . or Enter, or press ? or * to list all spells.
Aiming: Magic Dart (safe; 3% risk of failure)
Press: ? - help, Shift-Dir - straight line, f - goblin, p - Robin
Aim: a goblin, wielding a +0 club (strong, 100% to hit)
The magic dart hits the goblin.
The goblin is moderately wounded.
Robin throws the goblin at you! The goblin misses you.
The goblin hits you with a +0 dagger.
You die...

###..### # ..#..$.
#.######.#..#
#........#..###)
#.##g...gg†!..gg
#.##.###.##.####.#
#.##.# #.##g# #.#
#.##.###.##@# #.#
#......#.##g# #.#
#......#.##.# #.#
#...g..g.##g# #.#
##..)..####.#
#.###### #...gg..#
#g## #<.....#
#....g..#
#..########.#
#...÷...###...##
#.#
#...<..gg......#
#.#


You could see Robin and 3 goblins.

Vanquished Creatures
  4 goblins
  2 hobgoblins (D:1)
  2 jackals (D:2)
  4 kobolds
  5 quokkas (D:1)
  3 ball pythons (D:1)
  5 bats (D:1)
  2 frilled lizards (D:1)
  4 rats
31 creatures vanquished.

Notes
Turn   | Place    | Note
-------+----------+-------------------------------------------
     0 | D:1      | gobodom the Felid Conjurer began the quest for the Orb.
     0 | D:1      | Reached XP level 1. HP: 7/7 MP: 4/4
     8 | D:1      | You fall into a shaft and drop 1 floor!
   338 | D:1      | Reached skill level 4 in Conjurations
   338 | D:1      | Reached XP level 2. HP: 11/11 MP: 1/6
  1255 | D:2      | Reached XP level 3. HP: 14/14 MP: 1/7
  1332 | D:2      | Noticed Robin
  1523 | D:2      | Slain by a goblin

Illustrated notes

Levels and vault maps discovered:
D:1:      minmay_arrival_loop, layout_loops_ring, ebering_dispersal_statue_hall
D:2:      layout_loops_ring, basic_altar, minmay_domino_2, uniq_robin

Skill      XL: |  1  2 |
---------------+-------+-----
Conjurations   | 4 |  4.2
Stealth        | 3 |  3.2
Dodging        | 3 |  3.0
Spellcasting   | |  2.2

Action                   || total
-------------------------++-------
Melee: Unarmed           ||    13
       Bite              ||     2
 Cast: Magic Dart        ||    57
Armor: Skin              ||     3
Dodge: Dodged            ||    24

Table legend: (Time is in decaauts)
 A = Elapsed time spent in this place.
 B = Non-inter-level travel time spent in this place.
 C = Inter-level travel time spent in this place.
 D = Time resting spent in this place.
 E = Time spent auto-exploring this place.
 F = Levels seen in this place.
 G = Mean time per level.
                   A        B        C        D        E       F      G
               +--------+--------+--------+--------+--------+-----+--------+
         Total |   1329 |   1329 |      0 |     33 |   1034 |   2 |  664.5 |
       Dungeon |   1329 |   1329 |      0 |     33 |   1034 |   2 |  664.5 |
               +--------+--------+--------+--------+--------+-----+--------+

Top non-repeatable levels by time:
     D:1: 1092 daAuts
     D:2: 236 daAuts
